TOP OF THE 1ST |
Waba Ducks batting - Pitching for Richmond Flairs : RHP Jack Walker
|
Pitching: RHP Jack Walker
|
|
Batting: LHB Javier Orozco
|
0-0: Called Strike 0-1: Swinging Strike 0-2: Foul Ball, location: 2F 0-2: Foul Ball, location: 2F 0-2: SINGLE (Groundball, 4D)
|
Batting: RHB Pedro Molina
|
0-0: Called Strike 0-1: Ball 1-1: Fly out, F8 (Flyball, 8LXD)
|
Batting: LHB José Román
|
0-0: Ball 1-0: Fly out, F7 (Flyball, 7S)
|
Batting: RHB Chris Osborn
|
0-0: Ball 1-0: Swinging Strike 1-1: Called Strike 1-2: Strikes out looking
|
Top of the 1st over - 0 run(s), 1 hit(s), 0 error(s), 1 left on base; Waba 0 - Richmond 0 |
BOTTOM OF THE 1ST |
Richmond Flairs batting - Pitching for Waba Ducks : RHP Anthony Rigsby
|
Pitching: RHP Anthony Rigsby
|
|
Batting: RHB Javier Rentería
|
0-0: SINGLE (Line Drive, 89S)
|
Batting: RHB Freddy Padilla
|
0-0: Swinging Strike 0-1: Ball 1-1: Ball 2-1: SINGLE (Line Drive, 78S) Javier Rentería to second
|
Batting: LHB Sean Nicks
|
0-0: Called Strike 0-1: Ball 1-1: Foul Ball, location: 2F 1-2: 3-RUN HOME RUN (Line Drive, 89XD), Distance : 379 ft
|
Batting: RHB Elliott Johnston
|
0-0: Called Strike 0-1: Ball 1-1: Swinging Strike 1-2: SINGLE (Line Drive, 9LS)
|
Batting: RHB Alberto Hernández
|
0-0: Ball 1-0: Called Strike 1-1: Ball 2-1: Ball Passed Ball! Elliott Johnston to second 3-1: Base on Balls
|
Batting: SHB Carlos Reyes
|
0-0: Ball 1-0: Grounds into double play, 4-6-3 (Groundball, 4) Elliott Johnston to third
|
Batting: LHB R.J. Courtney
|
0-0: Ball 1-0: Foul Ball, location: 2F 1-1: 2-RUN HOME RUN (Flyball, 89XD), Distance : 395 ft
|
Batting: RHB Christian Hudson
|
0-0: Foul Ball, location: 2F 0-1: Called Strike 0-2: Ball 1-2: Fly out, F7 (Flyball, 78M)
|
Bottom of the 1st over - 5 run(s), 5 hit(s), 0 error(s), 0 left on base; Waba 0 - Richmond 5 |
TOP OF THE 2ND |
Waba Ducks batting - Pitching for Richmond Flairs : RHP Jack Walker
|
Batting: RHB Paul Spencer
|
0-0: Swinging Strike 0-1: Foul Ball, location: 2F 0-2: Ground out 6-3 (Groundball, 6)
|
Batting: LHB Howard Evans
|
0-0: Ball 1-0: Ball 2-0: Called Strike 2-1: Swinging Strike 2-2: Fly out, F6 (Line Drive, 6)
|
Batting: RHB António Valdéz
|
0-0: Ball 1-0: Called Strike 1-1: Foul Ball, location: 2F 1-2: Ground out 4-3 (Groundball, 4M)
|
Top of the 2nd over - 0 run(s), 0 hit(s), 0 error(s), 0 left on base; Waba 0 - Richmond 5 |
BOTTOM OF THE 2ND |
Richmond Flairs batting - Pitching for Waba Ducks : RHP Anthony Rigsby
|
Batting: RHB Ray Yates
|
0-0: Fly out, F5 (Line Drive, 56)
|
Batting: RHB Javier Rentería
|
0-0: Ball 1-0: Called Strike 1-1: Ball 2-1: Called Strike 2-2: Fly out, F9 (Flyball, 9)
|
Batting: RHB Freddy Padilla
|
0-0: Ball 1-0: Foul Ball, location: 2F 1-1: SINGLE (Groundball, 56D)
|
Batting: LHB Sean Nicks
|
0-0: Ball 1-0: SINGLE (Groundball, 34D) Freddy Padilla to second Runner from 2nd tries for 3rd, SAFE, throw made to third
|
Batting: RHB Elliott Johnston
|
0-0: Ball 1-0: Fly out, F8 (Flyball, 8RS)
|
Bottom of the 2nd over - 0 run(s), 2 hit(s), 0 error(s), 2 left on base; Waba 0 - Richmond 5 |
TOP OF THE 3RD |
Waba Ducks batting - Pitching for Richmond Flairs : RHP Jack Walker
|
Batting: RHB Jeremy Flemming
|
0-0: Ball 1-0: Ground out 6-3 (Groundball, 56)
|
Batting: RHB Ángelo García
|
0-0: SINGLE (Groundball, 56D)
|
Batting: LHB Javier Orozco
|
0-0: Foul Ball, location: 2F 0-1: Foul Ball, location: 2F 0-2: Ground out U3 (Groundball, 34S) Ángelo García to second
|
Batting: RHB Pedro Molina
|
0-0: Ball 1-0: Foul Ball, location: 2F 1-1: Ball 2-1: Swinging Strike 2-2: Ball 3-2: Foul Ball, location: 2F 3-2: SINGLE (Line Drive, 6MD) Ángelo García to third Ángelo García scores
|
Batting: LHB José Román
|
0-0: Ball 1-0: Called Strike 1-1: Ball 2-1: SINGLE (Groundball, 6M) (infield hit) Pedro Molina to second
|
Batting: RHB Chris Osborn
|
0-0: Ball 1-0: Ball 2-0: Called Strike 2-1: Foul Ball, location: 2F 2-2: Foul Ball, location: 2F 2-2: Foul Ball, location: 2F 2-2: Strikes out swinging
|
Top of the 3rd over - 1 run(s), 3 hit(s), 0 error(s), 2 left on base; Waba 1 - Richmond 5 |
BOTTOM OF THE 3RD |
Richmond Flairs batting - Pitching for Waba Ducks : RHP Anthony Rigsby
|
Batting: RHB Alberto Hernández
|
0-0: SINGLE (Groundball, 4MD)
|
Batting: SHB Carlos Reyes
|
0-0: 2-RUN HOME RUN (Flyball, 8LXD), Distance : 399 ft
|
Pitching: LHP José Bamuelos
|
|
Batting: LHB R.J. Courtney
|
0-0: Ground out 4-3 (Groundball, 34)
|
Batting: RHB Christian Hudson
|
0-0: Ball 1-0: Ball 2-0: Ball 3-0: Base on Balls
|
Batting: RHB Ray Yates
|
0-0: Called Strike 0-1: Ball 1-1: Foul Ball, location: 2F 1-2: Fielders Choice at 2nd, 6-4 (Groundball, 56D)
|
Batting: RHB Javier Rentería
|
0-0: Called Strike 0-1: Foul Ball, location: 2F 0-2: Ball 1-2: Ground out 5-3 (Groundball, 5S)
|
Bottom of the 3rd over - 2 run(s), 2 hit(s), 0 error(s), 1 left on base; Waba 1 - Richmond 7 |
TOP OF THE 4TH |
Waba Ducks batting - Pitching for Richmond Flairs : RHP Jack Walker
|
Batting: RHB Paul Spencer
|
0-0: Ball 1-0: Ball 2-0: Called Strike 2-1: Ground out U3 (Groundball, 3)
|
Batting: LHB Howard Evans
|
0-0: Ball 1-0: Called Strike 1-1: Ball 2-1: Ball 3-1: Fly out, F9 (Flyball, 9S)
|
Batting: RHB António Valdéz
|
0-0: Foul Ball, location: 2F 0-1: Ball 1-1: Ball 2-1: DOUBLE (Line Drive, 8LXD)
|
Batting: RHB Jeremy Flemming
|
0-0: Ball 1-0: Ball 2-0: Ball 3-0: Base on Balls
|
Batting: RHB Ángelo García
|
0-0: Ball 1-0: Called Strike 1-1: Ground out 5-3 (Groundball, 56S)
|
Top of the 4th over - 0 run(s), 1 hit(s), 0 error(s), 2 left on base; Waba 1 - Richmond 7 |
BOTTOM OF THE 4TH |
Richmond Flairs batting - Pitching for Waba Ducks : LHP José Bamuelos
|
Batting: RHB Freddy Padilla
|
0-0: Fly out, F8 (Flyball, 89M)
|
Batting: LHB Sean Nicks
|
0-0: Called Strike 0-1: Fly out, F9 (Flyball, 9LM)
|
Batting: RHB Elliott Johnston
|
0-0: Called Strike 0-1: Foul Ball, location: 2F 0-2: Foul Ball, location: 2F 0-2: Ball 1-2: Ball 2-2: Ball 3-2: SINGLE (Groundball, 4MD)
|
Batting: RHB Alberto Hernández
|
0-0: Swinging Strike 0-1: Ball 1-1: Ball 2-1: Foul Ball, location: 2F 2-2: Ball 3-2: SINGLE (Groundball, 4MD) Elliott Johnston to second Elliott Johnston to third
|
Batting: SHB Carlos Reyes
|
0-0: Ball 1-0: Ball 2-0: Called Strike 2-1: Ball 3-1: Foul Ball, location: 2F 3-2: Strikes out looking
|
Bottom of the 4th over - 0 run(s), 2 hit(s), 0 error(s), 2 left on base; Waba 1 - Richmond 7 |
TOP OF THE 5TH |
Waba Ducks batting - Pitching for Richmond Flairs : RHP Jack Walker
|
Batting: LHB Javier Orozco
|
0-0: Ball 1-0: Called Strike 1-1: Foul Ball, location: 2F 1-2: Ball 2-2: Foul Ball, location: 2F 2-2: Ball 3-2: Foul Ball, location: 2F 3-2: Foul Ball, location: 2F 3-2: Foul Ball, location: 2F 3-2: Foul Ball, location: 2F 3-2: Fly out, F9 (Flyball, 9LM)
|
Batting: RHB Pedro Molina
|
0-0: Ball 1-0: Fly out, F7 (Flyball, 78M)
|
Batting: LHB José Román
|
0-0: Called Strike 0-1: Ball 1-1: Ball 2-1: Fly out, F7 (Flyball, 7S)
|
Top of the 5th over - 0 run(s), 0 hit(s), 0 error(s), 0 left on base; Waba 1 - Richmond 7 |
BOTTOM OF THE 5TH |
Richmond Flairs batting - Pitching for Waba Ducks : LHP José Bamuelos
|
Batting: LHB R.J. Courtney
|
0-0: Called Strike 0-1: Foul Ball, location: 2F 0-2: Ball 1-2: Foul Ball, location: 2F 1-2: Strikes out looking
|
Batting: RHB Christian Hudson
|
0-0: Foul Ball, location: 2F 0-1: Foul Ball, location: 2F 0-2: Strikes out swinging
|
Batting: RHB Ray Yates
|
0-0: Called Strike 0-1: Ball 1-1: Ball 2-1: Ground out 4-3 (Groundball, 4M)
|
Bottom of the 5th over - 0 run(s), 0 hit(s), 0 error(s), 0 left on base; Waba 1 - Richmond 7 |
TOP OF THE 6TH |
Waba Ducks batting - Pitching for Richmond Flairs : RHP Jack Walker
|
Batting: RHB Chris Osborn
|
0-0: Swinging Strike 0-1: Called Strike 0-2: Strikes out swinging
|
Batting: RHB Paul Spencer
|
0-0: Foul Ball, location: 2F 0-1: Foul Ball, location: 2F 0-2: Strikes out swinging
|
Batting: LHB Howard Evans
|
0-0: Foul Ball, location: 2F 0-1: Foul Ball, location: 2F 0-2: Ground out 6-3 (Groundball, 6M)
|
Top of the 6th over - 0 run(s), 0 hit(s), 0 error(s), 0 left on base; Waba 1 - Richmond 7 |
BOTTOM OF THE 6TH |
Richmond Flairs batting - Pitching for Waba Ducks : LHP José Bamuelos
|
Batting: RHB Javier Rentería
|
0-0: Called Strike 0-1: Ball 1-1: Ground out 6-3 (Groundball, 6)
|
Batting: RHB Freddy Padilla
|
0-0: SINGLE (Line Drive, 89S)
|
Pitching: RHP Sergio Torres
|
|
Batting: LHB Sean Nicks
|
0-0: Ball Freddy Padilla steals 2nd base 1-0: DOUBLE (Line Drive, 89XD) Freddy Padilla scores
|
Batting: RHB Elliott Johnston
|
0-0: Called Strike 0-1: Ball 1-1: Foul Ball, location: 2F 1-2: Ball 2-2: Foul Ball, location: 2F 2-2: Ball 3-2: Ground out 6-3 (Groundball, 6)
|
Batting: RHB Alberto Hernández
|
0-0: Swinging Strike 0-1: Ball 1-1: Ball 2-1: Foul Ball, location: 2F 2-2: Ball 3-2: Reached on error, E2 (Groundball, 2L) Sean Nicks scores
|
Batting: SHB Carlos Reyes
|
0-0: Swinging Strike 0-1: Ball 1-1: Ball 2-1: SINGLE (Groundball, 34S) (infield hit) Alberto Hernández to third
|
Batting: LHB R.J. Courtney
|
0-0: Called Strike 0-1: Swinging Strike 0-2: Foul Ball, location: 2F 0-2: Foul Ball, location: 2F 0-2: Ball 1-2: Ground out 2-3 (Groundball, 2L)
|
Bottom of the 6th over - 2 run(s), 3 hit(s), 1 error(s), 2 left on base; Waba 1 - Richmond 9 |
TOP OF THE 7TH |
Waba Ducks batting - Pitching for Richmond Flairs : RHP Jack Walker
|
Batting: RHB António Valdéz
|
0-0: Ball 1-0: Swinging Strike 1-1: Foul Ball, location: 2F 1-2: Fly out, F9 (Flyball, 89M)
|
Pitching: LHP Takaaki Omori
|
|
Batting: RHB Jeremy Flemming
|
0-0: Ball 1-0: SINGLE (Groundball, 56D)
|
Batting: RHB Ángelo García
|
0-0: Ball 1-0: Ball 2-0: Called Strike 2-1: Foul Ball, location: 2F 2-2: DOUBLE (Line Drive, 7) Jeremy Flemming to third
|
Batting: LHB Javier Orozco
|
0-0: Ground out 4-3 (Groundball, 4) Jeremy Flemming scores Ángelo García to third
|
Batting: RHB Pedro Molina
|
0-0: Called Strike 0-1: Called Strike 0-2: Ball 1-2: SINGLE (Groundball, 5D) Ángelo García scores
|
Batting: LHB José Román
|
0-0: Ball 1-0: Ground out 2-3 (Groundball, 2R)
|
Top of the 7th over - 2 run(s), 3 hit(s), 0 error(s), 1 left on base; Waba 3 - Richmond 9 |
BOTTOM OF THE 7TH |
Richmond Flairs batting - Pitching for Waba Ducks : RHP Sergio Torres
|
Batting: RHB Christian Hudson
|
0-0: Ball 1-0: Called Strike 1-1: Ball 2-1: Foul Ball, location: 2F 2-2: Ball 3-2: Base on Balls
|
Batting: RHB Ray Yates
|
0-0: Called Strike 0-1: Ball 1-1: Called Strike 1-2: Foul Ball, location: 2F 1-2: Ball 2-2: Grounds into double play, 6-4-3 (Groundball, 6)
|
Batting: RHB Javier Rentería
|
0-0: Ball 1-0: Ball 2-0: Called Strike 2-1: Fly out, F9 (Line Drive, 89S)
|
Bottom of the 7th over - 0 run(s), 0 hit(s), 0 error(s), 0 left on base; Waba 3 - Richmond 9 |
TOP OF THE 8TH |
Waba Ducks batting - Pitching for Richmond Flairs : LHP Takaaki Omori
|
Now at 3B: Guo-xiu Hsueh
|
|
Now at SS: Maresuke Yoshida
|
|
Now in LF: Roland Jones
|
|
Batting: RHB Chris Osborn
|
0-0: Ball 1-0: Ball 2-0: Called Strike 2-1: Foul Ball, location: 2F 2-2: Fly out, F8 (Flyball, 8RM)
|
Batting: RHB Paul Spencer
|
0-0: Called Strike 0-1: Ball 1-1: Foul Ball, location: 2F 1-2: Foul Ball, location: 2F 1-2: Ball 2-2: Ball 3-2: Strikes out looking
|
Batting: LHB Howard Evans
|
0-0: Foul Ball, location: 2F 0-1: Called Strike 0-2: Strikes out swinging
|
Top of the 8th over - 0 run(s), 0 hit(s), 0 error(s), 0 left on base; Waba 3 - Richmond 9 |
BOTTOM OF THE 8TH |
Richmond Flairs batting - Pitching for Waba Ducks : RHP Sergio Torres
|
Pitching: LHP Tim Jenkins
|
|
Batting: RHB Freddy Padilla
|
0-0: Foul Ball, location: 2F 0-1: Swinging Strike 0-2: Ball 1-2: Ball 2-2: Ball 3-2: SINGLE (Line Drive, 34)
|
Batting: LHB Sean Nicks
|
0-0: Ball 1-0: Ball 2-0: Ball 3-0: Called Strike 3-1: Foul Ball, location: 2F 3-2: SINGLE (Groundball, 34D) Freddy Padilla to second Runner from 2nd tries for 3rd, SAFE, throw made to third
|
Batting: RHB Elliott Johnston
|
0-0: Ball 1-0: Ball Balk! Freddy Padilla scores Sean Nicks to second 2-0: Ball 3-0: Base on Balls
|
Batting: RHB Alberto Hernández
|
0-0: Called Strike 0-1: Called Strike 0-2: Foul Ball, location: 2F 0-2: Ball 1-2: Fly out, F9 (Line Drive, 9S)
|
Batting: SHB Carlos Reyes
|
0-0: Foul Ball, location: 2F 0-1: Foul Ball, location: 2F 0-2: Strikes out swinging
|
Batting: LHB Roland Jones
|
0-0: Swinging Strike 0-1: Called Strike 0-2: Ball 1-2: Fly out, F7 (Flyball, 7)
|
Bottom of the 8th over - 1 run(s), 2 hit(s), 0 error(s), 2 left on base; Waba 3 - Richmond 10 |
TOP OF THE 9TH |
Waba Ducks batting - Pitching for Richmond Flairs : LHP Takaaki Omori
|
Now at C: Tadakuni Sugiyama
|
|
Now at 1B: Adrián Miranda
|
|
Batting: RHB António Valdéz
|
0-0: Ground out 6-3 (Groundball, 6)
|
Pinch Hitting: RHB Shaun Puckett
|
0-0: Called Strike 0-1: Ball 1-1: Ball 2-1: Ball 3-1: Foul Ball, location: 2F 3-2: SINGLE (Line Drive, 89S)
|
Batting: RHB Ángelo García
|
0-0: Called Strike 0-1: Called Strike 0-2: Grounds into double play, U3-6 (Groundball, 3L)
|
Top of the 9th over - 0 run(s), 1 hit(s), 0 error(s), 0 left on base; Waba 3 - Richmond 10 |
|